 Dungeon Crawl Stone Soup version 0.22-a0-467-g5c5de1cb09 (webtiles) character file.

14 RedPan the Sneak (level 2, 0/13 HPs)
             Began as a Spriggan Enchanter on June 10, 2018.
             Succumbed to an adder's poison
             ... on level 1 of the Dungeon.
             The game lasted 00:02:17 (995 turns).

RedPan the Sneak (Spriggan Enchanter)                Turns: 995, Time: 00:02:18

Health: 0/13       AC:  2    Str:  4    XL:     2   Next: 31%
Magic:  7/7        EV: 18    Int: 16    God:
Gold:   64         SH:  0    Dex: 16    Spells: 4/7 levels left

rFire    . . .     SeeInvis +   a - +1 dagger
rCold    . . .     Gourm    .   (shield restricted)
rNeg     . . .     Faith    .   b - +0 robe
rPois    .         Spirit   .   (helmet restricted)
rElec    .         Reflect  .   (no cloak)
rCorr    .         Harm     .   (gloves unavailable)
MR       .....                  (boots unavailable)
Stlth    +++.......             (no amulet)
HPRegen  0.04/turn              (no ring)
MPRegen  0.10/turn              (no ring)

@: lethally poisoned (0 -> -16), very quick
A: very small, unfitting armour, see invisible, herbivore, speed 3, slow
metabolism 2
a: no special abilities


You were on level 1 of the Dungeon.
You were not hungry.

You visited 1 branch of the dungeon, and saw 2 of its levels.

You collected 64 gold pieces.

Inventory:

Hand Weapons
 a - a +1 dagger (weapon)
Armour
 b - a +0 robe (worn)
Scrolls
 l - 2 scrolls of immolation
Potions
 c - a potion of heal wounds {unknown}
 f - a potion of berserk rage {unknown}
 i - a potion of curing {unknown}
 j - 2 potions of lignification {unknown}
 k - a potion of brilliance {unknown}
Comestibles
 d - 3 rations


   Skills:
 - Level 1.1 Short Blades
 - Level 3.0 Dodging
 + Level 4.8 Stealth
 + Level 3.0 Spellcasting
 * Level 4.1 Hexes


You had 4 spell levels left.
You knew the following spells:

 Your Spells              Type           Power        Failure   Level  Hunger
a - Corona                Hex            ###....      3%          1    #......
b - Ensorcelled Hibernat  Hex/Ice        #.....       12%         2    ##.....

Your spell library contained the following spells:

 Spells                   Type           Power        Failure   Level  Hunger
 Confuse                  Hex            ###.....     10%         3    ###....
 Tukima's Dance           Hex            ###.....     10%         3    ###....
 Dazzling Spray           Conj/Hex       #.....       24%         3    ###....


Dungeon Overview and Level Annotations

Branches:
Dungeon (2/15)

Altars:
Trog


Innate Abilities, Weirdness & Mutations

You are very small and have problems with some larger weapons.
You are too small for most types of armour.
You have supernaturally acute eyesight. (SInv)
You are a herbivore.
You cover ground extremely quickly.
You need to consume almost no food.


Message History

You hit the hobgoblin.
The hobgoblin is almost dead.
The hobgoblin completely misses you.
You closely miss the hobgoblin.
The hobgoblin is severely wounded.
You hit the hobgoblin.
You kill the hobgoblin!
You hit the hobgoblin but do no damage. The hobgoblin barely misses you.
Things that are here:
a club; 4 gold pieces
There is a stone staircase leading up here.
The hobgoblin hits you. The adder bites you.
You are lethally poisoned!
The adder poisons you! The adder bites you.
* * * LOW HITPOINT WARNING * * *
You are more poisoned.
The adder poisons you! The hobgoblin barely misses you.
You climb upwards.
You die...

.≈≈≈≈....♣♣
##........#........#.
...####...♣#
#........#..........
..##..##...#
##..#############+#.
..#....'...#
#.....(............
..#...##..♣#
##.####(...........
..#'###♣..♣ #.#
#............
♣♣#.#♣♣.†## #g#
#.########.#.
###.#♣...# #S#
#.###### #.#.
.'..#♣.### #@#
#......# #.#.
.'..#♣## ### ######.#
#.#. ##### #.# #.#.
#.# #.#. #.###.##
#...#.## ###.#...
#.#.#. #.#.#.


You could see an adder and a hobgoblin.

Vanquished Creatures
  2 giant cockroaches (D:1)
  3 goblins
  4 hobgoblins
  A bat (D:1)
  2 kobolds (D:1)
12 creatures vanquished.

Notes
Turn   | Place    | Note
-------+----------+-------------------------------------------
     0 | D:1      | RedPan the Spriggan Enchanter began the quest for the Orb.
     0 | D:1      | Reached XP level 1. HP: 9/9 MP: 5/5
   641 | D:1      | Reached XP level 2. HP: 13/13 MP: 6/6
   649 | D:1      | Learned a level 2 spell: Ensorcelled Hibernation
   949 | D:2      | Found a bloodstained altar of Trog.
   995 | D:1      | Succumbed to an adder's poison

Vault maps used:
D:1:      sevenhm_arrival_forest_fort_small_5
D:2:      bloody_trog, dancing_weapons_uskayaw

Skill      XL: |  1  2 |
---------------+-------+-----
Hexes          | 4 |  4.1
Spellcasting   | 3 |  3.0
Short Blades   | |  1.1
Dodging        | |  3.0
Stealth        | |  4.8

Action                   || total
-------------------------++-------
Melee: Dagger            ||    60
 Cast: Corona            ||     3
  Use: Scroll            ||     4
 Stab: Sleeping          ||     2
Armor: Robe              ||     5
Dodge: Dodged            ||    39

Table legend:
 A = Spawn XP
 B = Non-spawn XP
 C = Spawn XP percentage of total XP
 D = Spawn monster count
 E = Non-spawn monster count
 F = Spawn count percentage of total count
 G = Total turns spent on level
                    A         B        C        D         E        F      G
               +---------+---------+-------+---------+---------+-------+---------
         Total |       0 |      21 |   0.0 |       0 |      12 |   0.0 |   995
               +---------+---------+-------+---------+---------+-------+---------
           D:1 |       0 |      15 |   0.0 |       0 |       9 |   0.0 |   936
           D:2 |       0 |       6 |   0.0 |       0 |       3 |   0.0 |    59
               +---------+---------+-------+---------+---------+-------+---------
